 Dungeon Crawl Stone Soup version 0.30-a0-948-g4fa250aae5 (webtiles) character file.

Game seed: 8716095442716991135

34 DeathPants the Sneak (level 3, -1/18 (20) HPs)
             Began as a Vine Stalker Delver on Mar 26, 2023.
             Slain by an orc
             ... wielding the +6 spear of Recklessness {drain, rF+ Dex+4 Stlth-}
              (3 damage)
             ... on level 4 of the Dungeon.
             The game lasted 00:02:18 (451 turns).

DeathPants the Sneak (Vine Stalker Delver)           Turns: 451, Time: 00:02:19

HP:   -1/18 (20)    AC:  3    Str: 16    XL:     3   Next: 31%
MP:   0/4           EV: 12    Int: 10    God:
Gold: 34            SH:  0    Dex: 15    Spells: 2/2 levels left

rFire   . . .      SeeInvis .    a - +0 short sword
rCold   . . .      Faith    .    (no shield)
rNeg    . . .      Spirit   +    b - +0 leather armour
rPois   .          Reflect  .    (no helmet)
rElec   .          Rampage  .    (no cloak)
rCorr   .                        (no gloves)
Will    .....                    (no boots)
Stlth   +++                      (no amulet)
HPRegen 0.23/turn                (no ring)
MPRegen 0.09/turn                (no ring)

@: weak-willed, flying, heavily drained
A: fangs 2, magic shield, antimagic bite, no potion heal 2
a: no special abilities


You were on level 4 of the Dungeon.
You visited 1 branch of the dungeon, and saw 4 of its levels.

You collected 34 gold pieces.

Inventory:

Hand Weapons
 a - a +0 short sword (weapon)
Armour
 b - a +0 leather armour (worn)
Wands
 g - a wand of digging (3)
Scrolls
 d - a scroll of magic mapping
Potions
 h - a potion of curing
 i - a potion of flight


   Skills:
 + Level 3.0 Fighting
 + Level 2.2 Short Blades
 + Level 2.0 Dodging
 + Level 6.3 Stealth


You had 2 spell levels left.
You didn't know any spells.
Your spell library was empty.

Dungeon Overview and Level Annotations

Branches:
Dungeon (7/15)
 Temple: D:4-7

Altars:


Innate Abilities, Weirdness & Mutations

You have extremely sharp teeth.
When hurt, damage is shared between your health and your magic reserves.
Your bite disrupts and absorbs the magic of your enemies.
Potions cannot restore your health.


Message History

The ufetubus hits you.
* * * LOW HITPOINT WARNING * * *
The ufetubus hits you but does no damage.
The ufetubus closely misses you. The ufetubus barely misses you.
The orc barely misses you.
Okay, then.
As you read the scroll of fear, it crumbles to dust.
You assume a fearsome visage.
The orc looks frightened!
The hornet looks frightened!
The howler monkey looks frightened!
The ufetubus looks frightened!
The endoplasm looks frightened!
The orc looks frightened!
A hound comes into view.
An adder comes into view.
Things that are here:
a +0 flail; a +0 leather armour; an orc corpse
There is a stone staircase leading up here.
You climb upwards.
The orc barely misses you. x2
There is a stone staircase leading down here.
As you read the scroll of fog, it crumbles to dust.
The scroll dissolves into smoke.
The orc hits you with a +0 short sword of draining.
* * * LOW HITPOINT WARNING * * *
You feel drained.
* * * LOW HITPOINT WARNING * * *
The orc hits you but does no damage. The orc attacks as you move away!
The orc completely misses you. The orc attacks as you move away!
The orc barely misses you. The orc attacks as you move away!
The orc barely misses you. The orc attacks as you move away!
The orc hits you but does no damage.
You feel drained.
Found a book of Displacement.
The orc attacks as you move away! The orc hits you with a +0 short sword.
* * * LOW HITPOINT WARNING * * *
The orc attacks as you move away! The orc barely misses you.
It was a potion of flight.
You feel very buoyant.
You fly up into the air.
The orc closely misses you.
As you read the scroll labelled IBEURPHIREI, it crumbles to dust.
Magic quickly surges around you.
It was a scroll of vulnerability.
The orc misses you.
The orc hits you from afar with the +6 spear of Recklessness {drain, rF+ Dex+4 Stlth-}.
You die...

... #.# #.#
..#####.#####
#............
#.#####.#####
######.#####.## #
#.............# #.
#@# #.#####..#
#:.###o# #.# #..#
#....oo# #.# #..#
##.###..# #.# #..#
.......§####.#####..#
........§§§..†).....#
.......§§§§§.##.###.#
##.###§§§§§§....# .#
......§§§§§###..# .#


You could see 3 orcs.

Vanquished Creatures
  3 adders
  An orc (D:5)
  A ball python (D:4)
  An endoplasm (D:4)
  A kobold (D:4)
7 creatures vanquished.

Notes
Turn   | Place    | Note
-------+----------+-------------------------------------------
     0 | D:5      | DeathPants the Vine Stalker Delver began the quest for the
                  | Orb.
     0 | D:5      | Reached XP level 1. HP: 11/11 MP: 2/2
     3 | D:6      | Reached XP level 2. HP: 16/16 MP: 3/3
    48 | D:7      | Noticed an ice beast
   332 | D:4      | Reached XP level 3. HP: 1/20 MP: 4/4
   424 | D:4      | Identified the +6 spear of Recklessness {drain, rF+ Dex+4
                  | Stlth-}
   434 | D:5      | Noticed a hornet
   451 | D:4      | Slain by an orc

Illustrated notes

Levels and vault maps discovered:
D:4:      layout_loops_ring
D:5:      layout_loops_ring, mainiacjoe_overflow_paths,
          minmay_temple_entry_gardened_gates, biasface_ghost_orc_armoury
D:6:      nicolae_cairo_tiling_large_dashed, layout_basic, lemuel_doored_altar,
          minmay_fractal_squares_gapless_5
D:7:      layout_basic, chequers_hall_statues_wall_a, uniq_duvessa

Skill      XL: |  1  2 |
---------------+-------+-----
Short Blades   | 2 |  2.2
Fighting       | 3 |  3.0
Dodging        | 2 |  2.0
Stealth        | |  6.3

Action                     || total
---------------------------++-------
  Melee: Short sword       ||    36
         Bite              ||     9
    Use: Potion            ||     3
         Scroll            ||     3
   Stab: Sleeping          ||     1
 Armour: Leather armour    ||    10
  Dodge: Dodged            ||    32

Table legend: (Time is in decaauts)
 A = Elapsed time spent in this place.
 B = Non-inter-level travel time spent in this place.
 C = Inter-level travel time spent in this place.
 D = Time resting spent in this place.
 E = Time spent auto-exploring this place.
 F = Levels seen in this place.
 G = Mean time per level.
                   A        B        C        D        E       F      G
               +--------+--------+--------+--------+--------+-----+--------+
         Total |    434 |    434 |      0 |     75 |     60 |   4 |  108.5 |
       Dungeon |    434 |    434 |      0 |     75 |     60 |   4 |  108.5 |
               +--------+--------+--------+--------+--------+-----+--------+

Top non-repeatable levels by time:
     D:4: 165 daAuts
     D:6: 136 daAuts
     D:5: 84 daAuts
     D:7: 48 daAuts
